 Dungeon Crawl Stone Soup version 0.19-a0-517-gd6a9987 (webtiles) character file.

23209 Ijustatesigmund the Slicer (level 13, 0/86 HPs)
             Began as a Kobold Berserker on June 6, 2016.
             Was a High Priest of Trog.
             Slain by a catoblepas (27 damage)
             ... on level 13 of the Dungeon.
             The game lasted 00:47:13 (15654 turns).

Ijustatesigmund the Slicer (Kobold Berserker)      Turns: 15654, Time: 00:47:14

Health: 0/86       AC: 14    Str: 16    XL:     13   Next: 33%
Magic:  13/13      EV: 19    Int:  5    God:    Trog [*****.]
Gold:   318        SH:  7    Dex: 20    Spells: 0 memorised, 12 levels left

rFire  . . .     SeeInvis +     F - +4 quick blade
rCold  + . .     Gourm    .     g - +2 scale mail {MR+}
rNeg   . . .     Faith    .     G - +0 buckler
rPois  +         Spirit   .     K - +0 mask of the Dragon {MR+ Slay+3 SInv}
rElec  .         Dismiss  .     q - +1 cloak
rCorr  .         Reflect  .     L - +0 pair of gloves
SustAt .         Harm     .     r - +0 pair of boots
MR     ++...                    (no amulet)
Stlth  +++++.....               N - ring of poison resistance
                                t - ring of protection from cold

@: very resistant to hostile enchantments, quite stealthy
A: carnivore 3, wild magic 1
a: Berserk, Trog's Hand, Brothers in Arms, Burn Spellbooks, Renounce Religion


You were on level 13 of the Dungeon.
You worshipped Trog.
Trog was extremely pleased with you.
You were completely stuffed.

You visited 2 branches of the dungeon, and saw 14 of its levels.

You collected 946 gold pieces.
You spent 628 gold pieces at shops.

Inventory:

Hand Weapons
 b - a +1 short sword of protection
 e - a cursed +0 hunting sling
 o - a +4 dagger
 B - a +2 dagger of chaos
 F - a +4 quick blade (weapon)
 H - a +3 antimagic rapier
 I - a +3 dagger
Armour
 g - a +2 scale mail of magic resistance (worn)
 q - a +1 cloak (worn)
 r - a +0 pair of boots (worn)
 G - a +0 buckler (worn)
 K - the +0 mask of the Dragon (worn) {MR+ Slay+3 SInv}
   (You found it on level 12 of the Dungeon)

   It affects your accuracy and damage with ranged weapons and melee attacks
   (+3).
   It affects your resistance to hostile enchantments.
   It lets you see invisible.
 L - a +0 pair of gloves (worn)
Jewellery
 i - a +3 ring of strength
 t - a ring of protection from cold (left hand)
 C - an uncursed ring of flight
 N - a ring of poison resistance (right hand)
Wands
 n - a wand of polymorph (3/24)
 p - a wand of teleportation (6/9)
 v - a wand of slowing (37/48)
 y - a wand of confusion (5/48)
 z - a wand of lightning (6/15)
 A - a wand of lightning (6/15)
Scrolls
 f - 5 scrolls of teleportation
 j - 2 scrolls of fear
 u - 2 scrolls of magic mapping
 x - 3 scrolls of recharging
 D - a scroll of identify
 M - a scroll of random uselessness {unknown}
Potions
 a - a potion of ambrosia
 d - 6 potions of curing
 l - a potion of cancellation
 m - 2 potions of magic
 s - a potion of brilliance
 w - 2 potions of might
 E - 2 potions of heal wounds
 J - 2 potions of agility
Comestibles
 c - 6 meat rations
 h - 5 beef jerkies
 k - 8 slices of pizza
 O - 2 chunks of flesh


   Skills:
 - Level 12.3 Fighting
 - Level 14.0 Short Blades
 + Level 5.7 Armour
 + Level 10.4 Dodging
 - Level 12.0 Stealth
 - Level 5.2 Shields


You had 12 spell levels left.
You didn't know any spells.

Dungeon Overview and Level Annotations

Branches:
Dungeon (13/15)            Temple (0/1) D:5            Lair (0/8) D:8
    Orc (1/2) D:11         Vaults (0/5) D:13

Altars:
Ashenzari
Dithmenos
Elyvilon
Gozag
Makhleb
Okawaru
Pakellas
Ru
Sif Muna
Zin

Shops:
D:5 *   D:10 !

Annotations:
Orc:1 Nergalle


Innate Abilities, Weirdness & Mutations

You are small and have problems with some larger weapons.
You are carnivorous and can eat meat at any time.
Your spells are a little harder to cast, but a little more powerful.


Message History

The catoblepas gores you!
You hit the catoblepas.
The catoblepas is lightly wounded.
You hit the catoblepas.
The catoblepas is lightly wounded.
You hit the catoblepas.
The catoblepas is lightly wounded.
The catoblepas gores you!!
You hit the catoblepas.
The catoblepas is moderately wounded.
You hit the catoblepas but do no damage.
The catoblepas is moderately wounded.
You puncture the catoblepas!
The catoblepas is moderately wounded.
The catoblepas gores you!!
As you read the scroll of fear, it crumbles to dust.
You assume a fearsome visage.
The catoblepas resists with almost no effort.
The catoblepas gores you!!
You die...

...... #..####+### ######
......F#..##.....###### (....
.......#...#..........# .....
....(.Y#...#..........#
.....#
.......#.?.#...(......+
.....#
<(.....#..§#..........#
.....#
.......#.§.#..........#
..##.#
......W#'###.....######
+#########.....Y@...))...#
.........#...........)...+
.........#...............#
.........#...............#
.........#..................
.........#...................
#.########...................
#.####...###'######..........
#.................#..........


You could see a catoblepas and a hungry ghost.

Vanquished Creatures
  Nessos (D:12)
  Erolcha (D:9)
  3 hydras (D:12)
  An ogre mage (Orc:1)
  2 dancing weapons (D:13)
  4 hill giants
  4 cyclopes
  Psyche (D:9)
  A kobold demonologist (D:12)
  A komodo dragon (D:13)
  2 trolls
  2 two-headed ogres (D:11)
  8 slime creatures (D:12)
  Sigmund (D:5)
  5 yaks
  A wyvern (D:10)
  A hippogriff (D:13)
  A hungry ghost (D:11)
  Grum (D:10)
  Duvessa (D:5)
  2 water moccasins
  9 orc warriors
  A swamp drake (D:11)
  6 ice beasts
  4 sky beasts
  A black bear (D:9)
  14 ogres
  An eye of draining (D:9)
  A phantom (D:10)
  A necrophage (D:9)
  3 wolves (D:10)
  4 centaurs
  3 crocodiles
  4 giant frogs
  2 big kobolds (D:11)
  A gnoll sergeant (D:7)
  Dowan (D:5)
  A water moccasin zombie (D:7)
  4 scorpions
  13 killer bees
  9 wights
  2 howler monkeys (D:5)
  An electric eel (D:12)
  7 crimson imps
  A giant frog zombie (D:6)
  2 centaur zombies
  14 orc priests
  2 giant frog skeletons
  6 hounds
  4 jellies
  5 iguanas
  18 orc wizards
  7 worker ants
  5 sheep (D:11)
  A hound skeleton (D:10)
  11 adders
  8 gnolls
  A shadow imp (D:11)
  3 oozes
  2 adder zombies
  4 adder skeletons
  2 worms
  2 dart slugs
  3 giant geckos
  61 orcs
  3 ball pythons
  8 bats
  4 giant cockroaches
  6 goblins
  7 hobgoblins
  15 jackals
  6 quokkas
  A giant gecko skeleton (D:8)
  5 giant newts
  A jackal zombie (D:5)
  11 kobolds
  A quokka zombie (D:9)
  3 rats
370 creatures vanquished.

Vanquished Creatures (collateral kills)
  A hydra (D:11)
  An unseen horror (D:12)
  A troll (D:12)
  A big kobold (D:11)
  5 killer bees (D:12)
  2 orcs (D:12)
11 creatures vanquished.

Vanquished Creatures (others)
  An orc (D:6)
1 creature vanquished.

Grand Total: 382 creatures vanquished

Notes
Turn   | Place    | Note
--------------------------------------------------------------
     0 | D:1      | Ijustatesigmund the Kobold Berserker began the quest for the Orb.
     0 | D:1      | Reached XP level 1. HP: 14/14 MP: 1/1
    54 | D:1      | Reached skill level 1 in Stealth
    64 | D:1      | Reached XP level 2. HP: 18/19 MP: 2/2
   466 | D:1      | Reached ** piety under Trog
   466 | D:1      | Reached XP level 3. HP: 20/23 MP: 3/3
  1070 | D:2      | Found an opulent altar of Gozag.
  1163 | D:2      | Found an oddly glowing altar of Pakellas.
  1693 | D:3      | Reached XP level 4. HP: 27/29 MP: 4/4
  1782 | D:3      | Reached skill level 5 in Short Blades
  1844 | D:3      | Reached XP level 5. HP: 34/34 MP: 5/5
  1857 | D:3      | Reached *** piety under Trog
  2304 | D:3      | Reached XP level 6. HP: 40/40 MP: 6/6
  2395 | D:3      | Found a burning altar of Makhleb.
  2576 | D:4      | Noticed an ogre
  2586 | D:4      | Killed an ogre
  2586 | D:4      | Reached skill level 5 in Fighting
  2586 | D:4      | Reached skill level 5 in Stealth
  2776 | D:4      | Reached skill level 6 in Short Blades
  2783 | D:4      | Reached XP level 7. HP: 44/44 MP: 7/7
  3182 | D:4      | Found a white marble altar of Elyvilon.
  3666 | D:4      | Reached skill level 7 in Short Blades
  3693 | D:4      | Reached XP level 8. HP: 30/51 MP: 8/8
  4027 | D:5      | Entered Level 5 of the Dungeon
  4039 | D:5      | Found Muilila's General Store.
  4093 | D:5      | Bought a scroll of identify for 26 gold pieces
  4122 | D:5      | Noticed Sigmund
  4151 | D:5      | Found a staircase to the Ecumenical Temple.
  4165 | D:5      | Killed Sigmund
  4317 | D:5      | Noticed Dowan
  4318 | D:5      | Reached skill level 5 in Dodging
  4320 | D:5      | Noticed Duvessa
  4339 | D:5      | Killed Duvessa
  4369 | D:5      | Killed Dowan
  4402 | D:5      | Reached XP level 9. HP: 55/55 MP: 9/9
  4907 | D:5      | Reached **** piety under Trog
  5063 | D:5      | Reached skill level 8 in Short Blades
  5377 | D:6      | Noticed a cyclops
  5462 | D:6      | Killed a cyclops
  5462 | D:6      | Reached skill level 9 in Short Blades
  6312 | D:7      | Reached XP level 10. HP: 65/65 MP: 10/10
  6374 | D:7      | Reached skill level 10 in Short Blades
  6392 | D:7      | Found a sacrificial altar of Ru.
  6392 | D:7      | Found a shattered altar of Ashenzari.
  6514 | D:7      | Found a glowing silver altar of Zin.
  7328 | D:8      | Found a staircase to the Lair.
  7443 | D:8      | Found an iron altar of Okawaru.
  7637 | D:8      | Reached skill level 11 in Short Blades
  8138 | D:9      | Reached ***** piety under Trog
  8230 | D:9      | Noticed Erolcha
  8251 | D:9      | Killed Erolcha
  8251 | D:9      | Reached skill level 10 in Fighting
  8475 | D:9      | Found a deep blue altar of Sif Muna.
  8483 | D:9      | Reached skill level 12 in Short Blades
  8680 | D:9      | Noticed Psyche
  8698 | D:9      | Killed Psyche
  8794 | D:9      | Found a shadowy altar of Dithmenos.
  8907 | D:9      | Reached XP level 11. HP: 73/73 MP: 11/11
  9175 | D:10     | Entered Level 10 of the Dungeon
  9688 | D:10     | Received a gift from Trog
  9688 | D:10     | Reached skill level 13 in Short Blades
  9840 | D:10     | Noticed Grum
  9870 | D:10     | Killed Grum
 10049 | D:10     | Found Loci's Distillery.
 10482 | D:11     | Noticed a hill giant
 10485 | D:11     | Noticed a hill giant
 10503 | D:11     | Killed a hill giant
 10511 | D:11     | Killed a hill giant
 10518 | D:11     | Noticed a cyclops
 11007 | D:11     | Noticed a two-headed hydra
 11013 | D:11     | Killed a two-headed hydra
 11013 | D:11     | Reached skill level 10 in Stealth
 11318 | D:11     | Reached skill level 1 in Shields
 11489 | D:11     | Found a staircase to the Orcish Mines.
 11599 | Orc:1    | Entered Level 1 of the Orcish Mines
 11621 | Orc:1    | Received a gift from Trog
 11680 | Orc:1    | Noticed an ogre mage
 11698 | D:11     | Reached XP level 12. HP: 65/80 MP: 4/12
 12183 | Orc:1    | Killed an ogre mage
 12535 | Orc:1    | Noticed Nergalle
 12661 | D:11     | Reached skill level 5 in Shields
 12716 | D:10     | Bought a potion of curing for 42 gold pieces
 12716 | D:10     | Bought a potion of heal wounds for 70 gold pieces
 12716 | D:10     | Bought a potion of beneficial mutation for 490 gold pieces
 12716 | D:10     | Gained mutation: Your spells are a little harder to cast, but a little more powerful. [potion of beneficial mutation]
 13418 | D:12     | Noticed a seven-headed hydra
 13464 | D:12     | Noticed a five-headed hydra
 13472 | D:12     | Killed an unseen horror
 13474 | D:12     | Killed a five-headed hydra
 14148 | D:12     | Noticed a four-headed hydra
 14159 | D:12     | Killed a four-headed hydra
 14555 | D:12     | Killed a seven-headed hydra
 14555 | D:12     | Reached skill level 14 in Short Blades
 14735 | D:12     | Reached XP level 13. HP: 82/86 MP: 4/13
 14781 | D:12     | Received a gift from Trog
 15128 | D:12     | Noticed Nessos
 15136 | D:12     | Killed Nessos
 15162 | D:13     | Reached skill level 5 in Armour
 15197 | D:13     | Found a gate to the Vaults.
 15199 | D:13     | Reached skill level 10 in Dodging
 15631 | D:13     | Noticed a catoblepas
 15654 | D:13     | Slain by a catoblepas

Vault maps used:
D:1:      minmay_arrival_hallway
D:2:      nicolae_overflow_crystal_walls, grunt_pakellas_basics
D:3:      lightli_temple_of_fire, first_bread
D:4:      old_standard_altar
D:5:      minmay_temple_entry_large_hall, serial_shops, shop_fountains,
          st_stairs_14, uniq_sigmund, uniq_duvessa
D:6:      corexii_leaking_fountain, minmay_crystal_room, minmay_three_doors
D:7:      lemuel_crystal_altar, gammafunk_temple_overflow_elements
D:8:      lemuel_crystal_altar, lair_0_dummy
D:9:      kennysheep_orc_sif_temple, nicolae_dithmenos_through_a_glass_darkly,
          uniq_psyche, uniq_erolcha
D:10:     serial_shops, shop, uniq_grum
D:11:     erik_orc_1, hangedman_ranch
D:12:     uniq_nessos
D:13:     erik_vaults_1, uniq_rupert
Orc:1:    nicolae_orc_rockfall, uniq_nergalle

Skill      XL: |  1  2  3  4  5  6  7  8  9 10 11 12 13 |
---------------+----------------------------------------+-----
Stealth        | 1 2 4 5 7 10 12 | 12.0
Fighting       | 4 5 6 8 10 11 12 | 12.3
Short Blades   | 5 6 7 9 12 13 14 | 14.0
Armour         | 4 5 |  5.7
Dodging        | 5 6 8 10 | 10.4
Shields        | 2 5 |  5.2

Action                   |  1- 3 |  4- 6 |  7- 9 | 10-12 | 13-15 || total
-------------------------+-------+-------+-------+-------+-------++-------
Melee: Short sword       |   113 |   164 |   502 |   910 |       ||  1689
       Rapier            |       |       |       |   419 |     3 ||   422
       Quick blade       |       |       |       |       |   109 ||   109
Invok: Berserk           |     1 |     4 |     4 |    16 |     1 ||    26
       Trog's Hand       |       |     2 |     4 |     5 |       ||    11
       Burn Spellbooks   |       |       |     1 |     1 |     2 ||     4
       Brothers in Arms  |       |       |       |     2 |       ||     2
Evoke: Wand              |       |       |     1 |     4 |       ||     5
  Use: Scroll            |     5 |     1 |     6 |    14 |     2 ||    28
       Potion            |       |     1 |     3 |     1 |     1 ||     6
 Stab: Distracted        |     1 |       |       |     1 |     1 ||     3
       Sleeping          |     7 |     6 |    11 |    24 |     4 ||    52
       Confused          |       |       |       |     2 |       ||     2
  Eat: Chunk             |    10 |     5 |    21 |    43 |     7 ||    86
       Pizza             |       |       |     1 |       |       ||     1
       Royal jelly       |       |       |       |     2 |       ||     2
Armor: Animal skin       |    13 |       |       |       |       ||    13
       Ring mail         |     3 |    30 |       |       |       ||    33
       Scale mail        |       |    20 |   159 |   277 |     5 ||   461
Dodge: Dodged            |    98 |   107 |   250 |   629 |    21 ||  1105
Block: Buckler           |       |       |       |   108 |    12 ||   120
